 Dungeon Crawl Stone Soup version 0.31-a0-217-g58bb5d79cf (webtiles) character file.

Game seed: 8015115984310368822

3947 qw the Cleaver (level 10, -14/64 HPs)
             Began as a Gargoyle Fighter on July 2, 2023.
             Demolished by a two-headed ogre
             ... wielding a +0 giant club
              (15 damage)
             ... on level 8 of the Dungeon.
             The game lasted 00:02:29 (5392 turns).

qw the Cleaver (Gargoyle Fighter)                   Turns: 5392, Time: 00:02:30

Health: -14/64     AC: 16    Str: 24    XL:     10   Next: 21%
Magic:  10/10      EV:  8    Int:  9    God:
Gold:   356        SH:  4    Dex:  9    Spells: 9/9 levels left

rFire   . . .        a - +7 hand axe of Floods {flame, Will+}
rCold   . . .        c - +0 buckler
rNeg    + . .        l - +0 chain mail
rPois   inf          (no helmet)
rElec   +            (no cloak)
rCorr   +            (no gloves)
SInv    .            (no boots)
Will    +....        (no amulet) Stlth
                     k - ring of resist corrosion
HPRegen 0.30/turn    (no ring)
MPRegen 0.12/turn

%: no passive effects
@: no status effects
A: sickness immunity, AC +7, negative energy resistance 1, electricity
resistance, torment resistance 1, petrification resistance
a: no special abilities


You were on level 8 of the Dungeon.
You visited 2 branches of the dungeon, and saw 9 of its levels.

You collected 356 gold pieces.


Innate Abilities, Weirdness & Mutations

You are immune to sickness and miasma.
Your stone body is resilient. (AC +7)
You are immune to poison.
You resist negative energy. (rN+)
You are resistant to electric shocks. (rElec)
You are resistant to unholy torment.
You are immune to petrification.


   Skills:
 - Level 8.0 Fighting
 + Level 10.5 Axes
 - Level 3.6 Throwing
 - Level 4.0 Armour
 - Level 1.0 Dodging
 - Level 5.1 Shields


You had 9 spell levels left.
You didn't know any spells.
Your spell library was empty.

Inventory:

Hand Weapons
 a - the +7 hand axe of Floods (weapon) {flame, Will+}
   (You found it on level 2 of the Dungeon)

   Will:      It increases your willpower.
 e - a +0 war axe
Missiles
 q - 2 boomerangs (quivered)
Armour
 c - a +0 buckler (worn)
 l - a +0 chain mail (worn)
Jewellery
 j - a ring of fire
 k - a ring of resist corrosion (left hand)
Scrolls
 Y - a scroll of identify
Potions
 d - a potion of might
 f - a potion of lignification
 g - 3 potions of curing
 h - a potion of cancellation {unknown}
 m - a potion of degeneration {unknown}
 n - a potion of attraction
 r - a potion of invisibility {unknown}

Dungeon Overview and Level Annotations

Branches:
Dungeon (8/15)             Temple (1/1) D:5
   Lair: D:8-11

Altars:
Ashenzari
Cheibriados
Dithmenos
Elyvilon
Fedhas
Hepliaklqana
Kikubaaqudgha
Makhleb
Nemelex Xobeh
Qazlal
Ru
Sif Muna
Trog
Uskayaw
Vehumet
Wu Jian
Xom
Yredelemnul
Zin
The Shining One


Message History

You slice Maggie!! You burn Maggie!
Maggie is heavily wounded.
You barely miss the centaur.
A two-headed ogre comes into view. It is wielding two +0 giant clubs.
Maggie zaps a wand.
You easily resist.
The centaur closely misses you. The centaur barely misses you.
You hit Maggie but do no damage.
Maggie is heavily wounded.
You hit the centaur. You burn the centaur. You block the centaur's attack.
The centaur kicks you. You block Maggie's attack.
You slash Maggie! You burn Maggie.
Maggie is almost dead.
You slash the centaur! You burn the centaur. You block the centaur's attack.
The centaur kicks you but does no damage.
You barely miss Maggie.
Maggie is almost dead.
You hit the centaur. You burn the centaur.
You kill the centaur!
Maggie hits you with a +0 scimitar.
You hit Maggie. You burn Maggie.
Maggie is almost dead.
You completely miss the two-headed ogre.
Maggie gestures at you while chanting. The bolt of fire hits you!
You slash Maggie! You burn Maggie.
You break out of your daze!
You kill Maggie!
You hit the two-headed ogre. You burn the two-headed ogre.
The two-headed ogre closely misses you.
The two-headed ogre hits you with a +0 giant club!
You barely miss the two-headed ogre.
The two-headed ogre is lightly wounded.
You slash the black bear! You burn the black bear.
The black bear bites you but does no damage.
The black bear closely misses you.
The black bear claws you but does no damage.
The two-headed ogre hits you with a +0 giant club! x2
You die...

........# ...}...####
......[.. ....... #.
..........# #.. .... ....#
. #.. #...# #hO.# ..
#..####...# #@..####...
###.........# #..........
............####..........
..........................
...................).....#
.~.................).....#
7~.77.................#..#
.~~~~.......~~..7~..### .#
.7~~7....~..7~~~~~~##


You could see a two-headed ogre and a black bear.

Vanquished Creatures
  Maggie (D:8)
  Grinder (D:5)
  Sigmund (D:3)
  A wraith (D:7)
  Eustachio (D:6)
  A hog (D:8)
  2 yaks (D:8)
  An acid dragon (D:8)
  2 black bears
  A sky beast (D:6)
  3 centaurs (D:8)
  2 ogres
  4 phantoms
  A kobold brigand (D:6)
  9 bullfrogs
  A gnoll sergeant (D:6)
  2 wights (D:8)
  2 electric eels (D:8)
  An orc priest (D:6)
  2 jellies
  A sleepcap (D:7)
  A hound (D:7)
  3 iguanas
  6 orc wizards
  8 gnolls
  9 adders
  A white imp (D:5)
  An ufetubus (D:4)
  A worm (D:2)
  4 dart slugs
  16 orcs
  An endoplasm (D:4)
  3 giant cockroaches
  7 hobgoblins
  5 jackals
  2 quokkas
  3 ball pythons (D:1)
  4 bats
  3 frilled lizards
  5 goblins
  9 kobolds
  5 rats
137 creatures vanquished.

Notes
Turn   | Place    | Note
-------+----------+-------------------------------------------
     0 | D:1      | qw the Gargoyle Fighter began the quest for the Orb.
     0 | D:1      | Reached XP level 1. HP: 14/14 MP: 1/1
     0 | D:1      | 0 ||| qw: Version: 0.3-a-40-ge99b1a8
     0 | D:1      | 0 ||| qw: Game counter: 8026
     0 | D:1      | 0 ||| qw: Melee chars always use a shield: true
     0 | D:1      | 0 ||| qw: God list: Okawaru
     0 | D:1      | 0 ||| qw: Allow faded altars: false
     0 | D:1      | 0 ||| qw: Do Orc after clearing Dungeon:15 true
     0 | D:1      | 0 ||| qw: Do second Lair branch before Depths: true
     0 | D:1      | 0 ||| qw: Lair rune preference: random
     0 | D:1      | 0 ||| qw: Goals: Normal, Zot:1-4, Slime:5, God:TSO, Crypt,
                  | Tomb, Abyss, Pan, Hells, Win
     0 | D:1      | 0 ||| PLANNING D:1-11
   107 | D:1      | 107 ||| Stepping ~*~*~tactically~*~*~ (stealth).
   114 | D:1      | Reached skill level 2 in Axes
   149 | D:1      | 149 ||| Stepping ~*~*~tactically~*~*~ (hiding).
   155 | D:1      | Reached XP level 2. HP: 18/19 MP: 2/2
   186 | D:1      | 186 ||| Stepping ~*~*~tactically~*~*~ (stealth).
   490 | D:1      | 490 ||| Stepping ~*~*~tactically~*~*~ (hiding).
   500 | D:1      | Reached skill level 3 in Axes
   523 | D:1      | Reached XP level 3. HP: 21/23 MP: 3/3
   611 | D:1      | 611 ||| DROPPING +0 club.
   881 | D:1      | 881 ||| UPGRADING to ring of resist corrosion.
   882 | D:1      | 882 ||| READING scroll labelled NODECI WOTZ.
   883 | D:1      | 883 ||| DRINKING 2 puce potions.
   954 | D:2      | 954 ||| Stepping ~*~*~tactically~*~*~ (stealth).
   959 | D:2      | 959 ||| Stepping ~*~*~tactically~*~*~ (stealth).
   961 | D:2      | 961 ||| Stepping ~*~*~tactically~*~*~ (stealth).
   964 | D:2      | Reached skill level 1 in Throwing
   999 | D:2      | Identified the +7 hand axe of Floods {flame, Will+}
  1001 | D:2      | 1001 ||| SWAPPING to +7 hand axe of Floods {flame, Will+}.
  1002 | D:2      | 1002 ||| DROPPING +0 mace.
  1037 | D:2      | Reached XP level 4. HP: 28/28 MP: 4/4
  1093 | D:2      | 1093 ||| Stepping ~*~*~tactically~*~*~ (stealth).
  1345 | D:2      | 1345 ||| DROPPING ring of wizardry.
  1346 | D:2      | 1346 ||| READING scroll labelled OHIAQO BYCKOWIST.
  1351 | D:2      | 1351 ||| DRINKING 2 smoky purple potions.
  1649 | D:3      | Noticed Sigmund
  1657 | D:3      | Killed Sigmund
  1658 | D:3      | Reached skill level 5 in Axes
  1658 | D:3      | Reached XP level 5. HP: 32/32 MP: 5/5
  1658 | D:3      | Reached XP level 6. HP: 37/37 MP: 6/6
  1921 | D:3      | 1921 ||| UPGRADING to +0 chain mail.
  1931 | D:3      | 1931 ||| DROPPING +0 scale mail.
  1932 | D:3      | 1932 ||| READING scroll labelled QUNWUN HEKIJUI.
  1933 | D:3      | 1933 ||| READING scroll labelled YMIRIRI BALE.
  1952 | D:4      | 1952 ||| Stepping ~*~*~tactically~*~*~ (stealth).
  2051 | D:4      | Reached skill level 6 in Axes
  2135 | D:4      | Reached XP level 7. HP: 44/44 MP: 7/7
  2260 | D:4      | Found a radiant altar of Vehumet.
  2261 | D:4      | 2261 ||| Stepping ~*~*~tactically~*~*~ (hiding).
  2269 | D:4      | Reached skill level 1 in Dodging
  2406 | D:4      | Found a glowing golden altar of the Shining One.
  2734 | D:4      | 2734 ||| READING 2 scrolls labelled DEBLER MUCACUO.
  2755 | D:5      | Entered Level 5 of the Dungeon
  2786 | D:5      | Found a staircase to the Ecumenical Temple.
  2787 | D:5      | 2787 ||| PLANNING TEMPLE
  2792 | Temple   | Entered the Ecumenical Temple
  2941 | Temple   | 2941 ||| PLANNING D:1-11
  3009 | D:5      | 3009 ||| Stepping ~*~*~tactically~*~*~ (hiding).
  3033 | D:5      | 3033 ||| Stepping ~*~*~tactically~*~*~ (hiding).
  3054 | D:5      | Found a shimmering blue altar of Sif Muna.
  3055 | D:5      | Found an ornate altar of the Wu Jian Council.
  3055 | D:5      | Found a broken altar of Ashenzari.
  3057 | D:5      | Found a stormy altar of Qazlal.
  3109 | D:5      | Noticed Grinder
  3110 | D:5      | 3110 ||| Stepping ~*~*~tactically~*~*~ (hiding).
  3116 | D:5      | Paralysed by Grinder for 5 turns
  3130 | D:5      | Killed Grinder
  3131 | D:5      | Reached skill level 7 in Axes
  3223 | D:5      | 3223 ||| Stepping ~*~*~tactically~*~*~ (stealth).
  3224 | D:5      | 3224 ||| Stepping ~*~*~tactically~*~*~ (stealth).
  3230 | D:5      | Reached XP level 8. HP: 48/48 MP: 8/8
  3591 | D:5      | 3591 ||| READING 2 scrolls of identify.
  3591 | D:5      | 3591 ||| IDENTIFYING murky pink potion
  3592 | D:5      | 3592 ||| DROPPING potion of brilliance.
  3612 | D:6      | Noticed Eustachio
  3627 | D:6      | Killed Eustachio
  3628 | D:6      | Reached skill level 8 in Axes
  3633 | D:6      | 3633 ||| FLEEEEING.
  3642 | D:6      | Reached skill level 6 in Fighting
  3643 | D:6      | 3643 ||| STAIRDANCE
  3753 | D:6      | 3753 ||| Stepping ~*~*~tactically~*~*~ (stealth).
  3755 | D:6      | 3755 ||| Stepping ~*~*~tactically~*~*~ (hiding).
  3756 | D:6      | 3756 ||| Stepping ~*~*~tactically~*~*~ (hiding).
  3759 | D:6      | 3759 ||| Stepping ~*~*~tactically~*~*~ (stealth).
  4144 | D:6      | Reached skill level 9 in Axes
  4144 | D:6      | Reached XP level 9. HP: 55/55 MP: 9/9
  4632 | D:7      | Reached skill level 3 in Throwing
  4746 | D:7      | Identified the +2 robe "Binek" {Contam Regen+ Int+9 Dex-2}
  4986 | D:7      | 4986 ||| DRINKING 2 fuming yellow potions.
  4987 | D:7      | 4987 ||| READING 2 scrolls of identify.
  4987 | D:7      | 4987 ||| IDENTIFYING smoky silvery potion
  5090 | D:8      | Reached skill level 10 in Axes
  5255 | D:8      | 5255 ||| Stepping ~*~*~tactically~*~*~ (water).
  5266 | D:8      | 5266 ||| Stepping ~*~*~tactically~*~*~ (water).
  5270 | D:8      | Noticed Maggie
  5280 | D:8      | HP: 14/59 [electric eel/bolt of electricity (3)]
  5281 | D:8      | 5281 ||| READING scroll of teleportation.
  5282 | D:8      | 5282 ||| DRINKING potion of heal wounds.
  5291 | D:8      | Reached XP level 10. HP: 46/64 MP: 10/10
  5386 | D:8      | Noticed a two-headed ogre
  5391 | D:8      | Killed Maggie
  5391 | D:8      | HP: 10/64 [two-headed ogre/+0 giant club (8)]
  5392 | D:8      | HP: 1/64 [two-headed ogre/+0 giant club (10)]
  5392 | D:8      | Demolished by a two-headed ogre

Levels and vault maps discovered:
D:1:      reono_arrival_forest_river, layout_basic,
          chequers_serial_rivers_micro_c, minmay_surrounded
D:2:      layout_basic
D:3:      layout_loops_cross, uniq_sigmund
D:4:      layout_basic, vehumet_altar_wand_db, tso_altar,
          hangedman_abyss_or_decor_stagger
D:5:      layout_loops_ring, chequers_temple_overflow_statue_of_worship,
          minmay_temple_entry_wispy, uniq_grinder
D:6:      layout_basic, uniq_eustachio
D:7:      layout_basic
D:8:      kennysheep_town, uniq_maggie
Temple:   eino_narrow_crystal_temple

Skill      XL: |  1  2  3  4  5  6  7  8  9 10 |
---------------+-------------------------------+-----
Axes           | 2 3 5 6 7 9 10 | 10.5
Throwing       | 1 2 3 |  3.6
Fighting       | 4 6 8 |  8.0
Dodging        | 1 |  1.0
Shields        | 4 5 |  5.1
Armour         | 4 |  4.0

Action                     |  1- 3 |  4- 6 |  7- 9 | 10-12 || total
---------------------------+-------+-------+-------+-------++-------
  Melee: War axe           |    83 |       |       |       ||    83
         Hand axe          |     2 |    34 |   181 |    22 ||   239
  Throw: Javelin           |    23 |    29 |    41 |       ||    93
         Boomerang         |       |       |    12 |     3 ||    15
    Use: Scroll            |     1 |     3 |     4 |       ||     8
         Potion            |     1 |     1 |     2 |       ||     4
 Armour: Scale mail        |    44 |     6 |       |       ||    50
         Chain mail        |       |    14 |    89 |     9 ||   112
  Dodge: Dodged            |    34 |    16 |    50 |     8 ||   108
  Block: Buckler           |    16 |     8 |    29 |     5 ||    58

Table legend:
 A = Non-vault XP
 B = Vault XP
 C = Vault XP percentage of total XP
 D = Non-vault monster count
 E = Vault monster count
 F = Vault count percentage of total count
                 A         B        C        D         E       F
            +---------+---------+-------+---------+---------+-------
      Total |    3032 |    2607 |  46.2 |     117 |      20 |  14.6
            +---------+---------+-------+---------+---------+-------
        D:1 |      41 |       3 |   6.8 |      22 |       3 |  12.0
        D:2 |      49 |       0 |   0.0 |      14 |       0 |   0.0
        D:3 |      25 |     243 |  90.7 |       6 |       1 |  14.3
        D:4 |     409 |       2 |   0.5 |      24 |       1 |   4.0
        D:5 |     379 |     277 |  42.2 |      11 |       1 |   8.3
        D:6 |     919 |     211 |  18.7 |      24 |       1 |   4.0
        D:7 |     612 |       0 |   0.0 |       7 |       0 |   0.0
        D:8 |     598 |    1871 |  75.8 |       9 |      13 |  59.1
            +---------+---------+-------+---------+---------+-------
